 Dungeon Crawl Stone Soup version 0.31-a0-1098-g6898e6545c (webtiles) character file.

Game seed: 8041999238023064114

15964 KimchiStew the Fighter (level 12, -10/103 HPs)
             Began as a Formicid Hunter on Nov 30, 2023.
             Was a High Priest of Okawaru.
             Mangled by a death yak simulacrum (13 damage)
             ... in an ice cave.
             The game lasted 00:26:24 (13006 turns).

KimchiStew the Fighter (Formicid Hunter)           Turns: 13006, Time: 00:26:25

Health: -10/103    AC: 31    Str: 16    XL:     12   Next: 64%
Magic:  12/12      EV:  7    Int: 16    God:    Okawaru [*****.]
Gold:   2185       SH: 11    Dex: 23    Spells: 11/11 levels left

rFire   . . .        S - +0 dire flail
rCold   + . .        p - +3 buckler "Vyhus" {-Tele Rampage rC+ rN++}
rNeg    + + .        m - +8 crystal plate armour of Nitafeur {rCorr Int+4 Dex+2}
rPois   +            (helmet unavailable)
rElec   .            E - +0 cloak
rCorr   +            q - +0 pair of gloves
SInv    +            x - +0 pair of boots "Worgh" {rPois Int+2}
Will    +....        (no amulet) Stlth
                     a - +4 ring of slaying
HPRegen 0.37/turn    b - +5 ring of evasion
MPRegen 0.13/turn

%: rampage
@: studying 2 skills
A: permanent stasis, dig shafts and tunnels, antennae 3, four strong arms
a: Dig, Renounce Religion, Heroism, Finesse, Duel


You were in an ice cave.
You worshipped Okawaru.
Okawaru was extremely pleased with you.
You visited 2 branches of the dungeon, and saw 13 of its levels.
You also visited: Sewer, Ossuary, Bailey and Ice Cave.

You collected 2185 gold pieces.

Inventory:

Hand Weapons
 t - a +3 dagger of venom
 F - a +2 antimagic dagger
 S - a +0 dire flail (weapon)
Missiles
 c - 51 poisoned darts
 y - 11 boomerangs (quivered)
 M - 2 curare-tipped darts
Armour
 e - a +1 pair of boots of flying
 m - the +8 crystal plate armour of Nitafeur (worn) {rCorr Int+4 Dex+2}
   (You acquired it on level 6 of the Dungeon)

   Int+4:     It affects your intelligence (+4).
   Dex+2:     It affects your dexterity (+2).
   rCorr:     It protects you from acid and corrosion.
 p - the +3 buckler "Vyhus" (worn) {-Tele Rampage rC+ rN++}
   (You found it on level 2 of the Dungeon)

   rC+:       It protects you from cold.
   rN++:      It greatly protects you from negative energy.
   -Tele:     It prevents most forms of teleportation.
   Rampage:   It bestows one free step when moving towards enemies.
 q - a +0 pair of gloves (worn)
 x - the +0 pair of boots "Worgh" (worn) {rPois Int+2}
   (You found it on level 4 of the Dungeon)

   Int+2:     It affects your intelligence (+2).
   rPois:     It protects you from poison
 E - a +0 cloak (worn)
Jewellery
 a - a +4 ring of slaying (left hand)
 b - a +5 ring of evasion (right hand)
 h - a +6 ring of dexterity
Wands
 H - a wand of flame (27)
 O - a wand of mindburst (25)
 P - a wand of iceblast (3)
Scrolls
 g - 2 scrolls of enchant weapon
 k - a scroll of revelation
 l - 4 scrolls of enchant armour
 s - 3 scrolls of amnesia
 v - 3 scrolls of immolation
 A - a scroll of torment
 D - 2 scrolls of fog
 G - a scroll of silence
 J - a scroll of fear {unknown}
 N - a scroll of vulnerability {unknown}
 Q - a scroll of noise {unknown}
Potions
 d - 7 potions of curing
 f - 2 potions of attraction {unknown}
 i - 4 potions of magic {unknown}
 j - 6 potions of heal wounds
 n - 4 potions of enlightenment {unknown}
 o - 2 potions of berserk rage {unknown}
 r - 2 potions of lignification {unknown}
 u - 2 potions of experience {unknown}
 w - 4 potions of resistance {unknown}
 z - 5 potions of cancellation {unknown}
 B - 2 potions of invisibility {unknown}
 C - 2 potions of degeneration {unknown}
 I - a potion of might {unknown}
 K - a potion of brilliance {unknown}
 L - a potion of ambrosia {unknown}
 R - a potion of mutation {unknown}


   Skills:
 + Level 12.7 Fighting
 - Level 6.3 Short Blades
 * Level 9.2(9.5) Maces & Flails
 - Level 3.2(6.7) Staves
 - Level 6.0 Ranged Weapons
 + Level 2.7 Throwing
 + Level 8.6 Armour
 - Level 2.1 Dodging
 - Level 5.0 Stealth
 + Level 12.4 Shields
 + Level 0.3 Invocations


You had 11 spell levels left.
You didn't know any spells.
Your spell library contained the following spells:

 Spells                   Type           Power      Damage    Failure   Level
 Magic Dart               Conj           0%         1d3       100%        1
 Shock                    Conj/Air       0%         1d3       100%        1
 Lesser Beckoning         Tloc           0%         N/A       100%        2
 Momentum Strike          Conj/Tloc      0%         3d8       100%        2
 Searing Ray              Conj           0%         2d4       100%        2
 Gell's Gravitas          Tloc           0%         N/A       100%        3
 Teleport Other           Tloc           0%         N/A       100%        3
 Volatile Blastmotes      Fire/Tloc      0%         2d10      100%        3
 Airstrike                Air            0%         2d(0-16)  100%        4
 Fulminant Prism          Conj/Hex       0%         3d5       100%        4
 Iskenderun's Mystic Bla  Conj/Tloc      0%         2d3       100%        4
 Borgnjor's Vile Clutch   Necr/Erth      0%         N/A       100%        5
 Blink                    Tloc           Unusable   N/A       N/A         2
 Swiftness                Air            Unusable   N/A       N/A         3
 Animate Dead             Necr           Unusable   N/A       N/A         4
 Death Channel            Necr           Unusable   N/A       N/A         6

Dungeon Overview and Level Annotations

Branches:
Dungeon (12/15)            Temple (1/1) D:6            Lair (0/5) D:10
    Orc (0/2) D:11          Sewer (visited)         Ossuary (visited)
 Bailey (visited)           IceCv (1/1)

Altars:
Ashenzari
Cheibriados
Dithmenos
Elyvilon
Fedhas
Gozag
Hepliaklqana
Kikubaaqudgha
Makhleb
Nemelex Xobeh
Okawaru
Qazlal
Ru
Sif Muna
Trog
Uskayaw
Vehumet
Wu Jian
Xom
Yredelemnul
Zin
The Shining One

Shops:
D:4 =   D:7 [

Annotations:
D:8 4 transporters


Innate Abilities, Weirdness & Mutations

You cannot be hasted, slowed, berserked, paralysed or teleported.
You can dig through walls and to a lower floor.
You have a pair of large antennae on your head. (SInv)
Your four strong arms can wield two-handed weapons with a shield.


Message History

Unknown command.
You hit the death yak simulacrum.
The death yak simulacrum is moderately damaged.
You block the white imp's attack. The death yak simulacrum gores you.
The death yak simulacrum freezes you!! You resist.
The death yak simulacrum closely misses you.
You take 22 damage, and have 69/103 hp.
You hit the death yak simulacrum.
The death yak simulacrum is heavily damaged.
The white imp hits you. The white imp freezes you. You resist.
You block the death yak simulacrum's attack.
You take 3 damage, and have 66/103 hp.
You thump the death yak simulacrum!
The death yak simulacrum is severely damaged.
You block the death yak simulacrum's attack.
You block the white imp's attack.
Unknown command.
You puncture the death yak simulacrum!
The death yak simulacrum is almost destroyed.
The death yak simulacrum gores you! The death yak simulacrum freezes you!
You resist.
The death yak simulacrum gores you but does no damage.
The white imp hits you but does no damage.
You take 31 damage, and have 35/103 hp.
Unknown command.
You are too injured to fight recklessly!
Unknown command.
You are too injured to fight recklessly!
Unknown command.
You completely miss the death yak simulacrum.
The death yak simulacrum is almost destroyed.
The death yak simulacrum gores you.
* * * LOW HITPOINT WARNING * * *
The death yak simulacrum freezes you! You resist.
* * * LOW HITPOINT WARNING * * *
The death yak simulacrum gores you!
* * * LOW HITPOINT WARNING * * *
The death yak simulacrum freezes you! You resist.
You die...

# .. , ... , ####
.... ######..##
.....## ##..##....##
....Z..###..........#
.Z.5....#Z@.....∩.∩.#
..{{.##..Z5##.......#
.Z. ##..#####....##
., , #### ##..## ####


You could see a white imp and 2 death yak simulacra.

Vanquished Creatures
  A two-headed ogre (D:10)
  An orc knight (Bailey)
  A deep elf pyromancer (D:10)
  2 cyclopes (D:11)
  2 manticores (D:11)
  A gargoyle (D:11)
  Psyche (D:10)
  2 komodo dragons (D:11)
  An unseen horror (D:12)
  3 trolls
  4 hornets
  Prince Ribbit (D:4)
  A shadow (D:9)
  2 wyverns
  A vampire (D:6)
  12 yaks
  4 vampire mosquitoes (D:11)
  2 death yak simulacra
  2 acid dragons
  2 ice beasts
  9 orc warriors
  4 black bears
  2 sky beasts (D:6)
  2 ogres
  9 centaurs
  11 kobold brigands
  A phantom (D:4)
  2 gnoll sergeants
  9 bullfrogs
  2 cane toad simulacra (IceCv)
  5 scorpions
  5 killer bees (D:9)
  5 elephant simulacra
  5 howler monkeys
  A crimson imp (D:7)
  4 hounds
  2 jellies
  A gnoll bouda (D:10)
  14 orc priests
  5 iguanas
  A sleepcap (D:6)
  Ijyb (D:3)
  Terence (D:3)
  8 orc wizards
  3 spriggan simulacra
  2 troll simulacra (D:12)
  2 wolf simulacra
  8 mummies (Ossuary)
  15 gnolls
  10 adders
  2 river rats (Sewer)
  3 white imps
  3 ufetubi
  A worm (D:4)
  2 dart slugs
  42 orcs
  8 bats
  4 endoplasms
  5 giant cockroaches
  5 goblins
  7 hobgoblins
  9 jackals
  28 kobolds
  6 quokkas
  19 ball pythons
  9 frilled lizards
  2 gnoll zombies (Ossuary)
  4 hobgoblin zombies (Ossuary)
  A kobold zombie (Ossuary)
  An orc zombie (Ossuary)
  31 rats
387 creatures vanquished.

Vanquished Creatures (others)
  An orc wizard (D:10)
1 creature vanquished.

Grand Total: 388 creatures vanquished

Notes
Turn   | Place    | Note
-------+----------+-------------------------------------------
     0 | D:1      | KimchiStew the Formicid Hunter began the quest for the Orb.
     0 | D:1      | Reached XP level 1. HP: 16/16 MP: 1/1
   189 | D:1      | Reached XP level 2. HP: 23/23 MP: 2/2
   371 | D:1      | Reached XP level 3. HP: 28/28 MP: 3/3
   605 | D:1      | Found a faded altar of an unknown god.
  1116 | D:2      | Reached XP level 4. HP: 31/35 MP: 4/4
  1210 | D:2      | Found an opulent altar of Gozag.
  1216 | D:2      | Identified the +3 buckler "Vyhus" {-Tele Rampage rC+ rN++}
  1745 | D:3      | Noticed Ijyb
  1753 | D:3      | Killed Ijyb
  1754 | D:3      | Reached XP level 5. HP: 41/41 MP: 5/5
  1770 | D:3      | Noticed Terence
  1782 | D:3      | Killed Terence
  2685 | D:4      | Reached skill level 5 in Ranged Weapons
  2742 | D:4      | Identified the +0 pair of boots "Worgh" {rPois Int+2}
  2791 | D:4      | Found a glowing golden altar of the Shining One.
  2847 | D:4      | Reached XP level 6. HP: 45/48 MP: 6/6
  3330 | D:4      | Reached XP level 7. HP: 46/55 MP: 7/7
  3447 | D:4      | Found Dumpur's Jewellery Boutique.
  3566 | D:5      | Entered Level 5 of the Dungeon
  3582 | D:4      | Reached skill level 5 in Stealth
  3756 | D:4      | Reached skill level 5 in Fighting
  3756 | D:4      | Reached skill level 1 in Short Blades
  3814 | D:5      | Noticed Prince Ribbit
  4149 | D:4      | Killed Prince Ribbit
  4150 | D:4      | Reached XP level 8. HP: 39/64 MP: 8/8
  5210 | D:6      | Reached skill level 1 in Shields
  5210 | D:6      | Reached XP level 9. HP: 63/74 MP: 9/9
  5210 | D:6      | Found a glowing drain.
  5217 | Sewer    | Entered a sewer
  5271 | Sewer    | Reached skill level 1 in Armour
  5911 | D:6      | Identified 3 scrolls of acquirement
  5912 | D:6      | Acquired the +8 crystal plate armour of Nitafeur {rCorr
                  | Int+4 Dex+2}
  5913 | D:6      | Acquired a manual of Shields
  5914 | D:6      | Acquired a manual of Fighting
  6021 | D:6      | Found an opulent altar of Gozag.
  6350 | D:6      | Found a staircase to the Ecumenical Temple.
  6359 | Temple   | Entered the Ecumenical Temple
  6454 | Temple   | Became a worshipper of Warmaster Okawaru
  6506 | D:7      | Noticed a hornet
  6514 | D:7      | Killed a hornet
  6515 | D:7      | Reached skill level 10 in Fighting
  6515 | D:7      | Reached skill level 5 in Shields
  6585 | D:6      | Reached skill level 5 in Short Blades
  6616 | D:7      | Reached * piety under Okawaru
  6617 | D:7      | Reached XP level 10. HP: 77/85 MP: 10/10
  6977 | D:6      | Reached skill level 5 in Armour
  7062 | D:7      | Found Araiw's Antique Armour Shop.
  7255 | D:7      | Found a burning altar of Makhleb.
  7256 | D:7      | Found a radiant altar of Vehumet.
  7391 | D:7      | Found a bloodstained altar of Trog.
  7556 | D:7      | Found a bloodstained altar of Trog.
  7701 | D:7      | Found Araiw's Antique Armour Shop.
  7703 | D:7      | Found a burning altar of Makhleb.
  7704 | D:7      | Found a radiant altar of Vehumet.
  7972 | D:8      | Found a transporter.
  8000 | D:8      | Found a transporter.
  8001 | D:8      | Found a transporter.
  8076 | D:8      | Found a sand-covered staircase.
  8104 | Ossuary  | Entered an ossuary
  8158 | Ossuary  | Reached ** piety under Okawaru
  8479 | D:8      | Reached skill level 1 in Maces & Flails
  8489 | D:8      | Found a flagged portal.
  8498 | Bailey   | Entered a bailey
  8606 | Bailey   | Noticed an orc knight
  8614 | Bailey   | Reached skill level 1 in Staves
  8615 | Bailey   | Killed an orc knight
  8622 | Bailey   | Reached *** piety under Okawaru
  8648 | Bailey   | Found a bloodstained altar of Trog.
  9042 | D:8      | Found a transporter.
  9159 | D:9      | Reached XP level 11. HP: 77/90 MP: 11/11
  9411 | D:9      | Reached skill level 5 in Maces & Flails
  9975 | D:10     | Entered Level 10 of the Dungeon
  9975 | D:10     | Noticed a two-headed ogre
  9988 | D:10     | Killed a two-headed ogre
  9988 | D:10     | Reached **** piety under Okawaru
 10211 | D:10     | Found a sparkling altar of Nemelex Xobeh.
 10330 | D:10     | Noticed a deep elf pyromancer
 10337 | D:10     | Killed a deep elf pyromancer
 10414 | D:10     | Noticed Psyche
 10433 | D:10     | Killed Psyche
 10715 | D:10     | Reached skill level 10 in Shields
 10740 | D:10     | Reached ***** piety under Okawaru
 10867 | D:10     | Found a staircase to the Lair.
 10986 | D:10     | Found a white marble altar of Elyvilon.
 10986 | D:10     | Found a glowing silver altar of Zin.
 11027 | D:10     | Identified the +1 falchion of Innocence {heavy, Int+4
                  | Dex-5}
 11442 | D:11     | Noticed a cyclops
 11450 | D:11     | Killed a cyclops
 11451 | D:11     | Reached XP level 12. HP: 66/101 MP: 12/12
 11586 | D:11     | Received a gift from Okawaru
 11806 | D:11     | Reached skill level 1 in Throwing
 12075 | D:11     | Found a staircase to the Orcish Mines.
 12798 | D:12     | Found a frozen archway.
 12844 | IceCv    | Entered an ice cave
 13006 | IceCv    | HP: 3/103 [death yak simulacrum (16)]
 13006 | IceCv    | Mangled by a death yak simulacrum

Illustrated notes

Levels and vault maps discovered:
D:1:      minmay_arrival_four_houses, layout_loops_ring,
          hellmonk_ecumenical_altar_arch_garden
D:2:      layout_basic, basic_altar, minmay_cut_off
D:3:      layout_basic, uniq_terence, uniq_ijyb
D:4:      layout_basic, mainiacjoe_overflow_cross_hatched, serial_shops, shop,
          due_unseen_surprise
D:5:      layout_rooms, grunt_ministairs_9, uniq_prince_ribbit1
D:6:      layout_cave_pools, mainiacjoe_overflow_brackets, temple_hall,
          mainiacjoe_sewer_entry_somewhere_in_here_1
D:7:      layout_cave_pools, grunt_temple_overflow_lords_of_destruction,
          lemuel_round_altar, serial_shops, shop_fountains,
          minmay_misc_feat_encased, minmay_fractal_squares_5
D:8:      layout_gridville, enter_ossuary_2, enter_bailey_2,
          nicolae_transporter_circle
D:9:      nicolae_cairo_tiling_large_dashed, layout_long_grid, dk_vineyard_1,
          nicolae_nh_ransacked_shop
D:10:     lemuel_ice_spiral_2, layout_basic, mainiacjoe_overflow_chevrons,
          nicolae_overflow_two_pavilions, grunt_lair_entry_orc_guard_hut,
          billiards_dpeg, uniq_psyche
D:11:     layout_cave_pools, david_orc_3, minmay_misc_feat_columns
D:12:     layout_loops_cross, portal_ice_cave_entry_ice_simulacra,
          lemuel_zombie_altar_kikubaaqudgha
Temple:   zaba_magenta_temple
IceCv:    ice_cave_small_necro

Skill      XL: |  1  2  3  4  5  6  7  8  9 10 11 12 |
---------------+-------------------------------------+-----
Dodging        | 2 |  2.1
Stealth        | 2 3 4 5 |  5.0
Fighting       | 3 4 5 8 10 11 12 | 12.7
Ranged Weapons | 5 6 |  6.0
Short Blades   | 4 5 6 |  6.3
Shields        | 1 6 8 10 12 | 12.4
Armour         | 4 6 8 |  8.6
Maces & Flails | 4 7 9 |  9.2
Staves         | 2 3 |  3.2
Throwing       | 2 |  2.7
Invocations    | |  0.3

Action                     |  1- 3 |  4- 6 |  7- 9 | 10-12 || total
---------------------------+-------+-------+-------+-------++-------
  Melee: Dagger            |       |    10 |   158 |   264 ||   432
         Flail             |       |       |       |   463 ||   463
         Dire flail        |       |       |       |   176 ||   176
   Fire: Shortbow          |   108 |   101 |   192 |     1 ||   402
  Throw: Dart              |       |     3 |       |    18 ||    21
         Boomerang         |       |       |       |    15 ||    15
 Invoke: Heroism           |       |       |       |     2 ||     2
Ability: Dig               |       |     1 |       |       ||     1
  Evoke: Wand              |       |     1 |     7 |     6 ||    14
    Use: Scroll            |     2 |     4 |     7 |     9 ||    22
         Potion            |       |       |       |     5 ||     5
   Stab: Sleeping          |       |       |     1 |       ||     1
 Armour: Leather armour    |    21 |     1 |       |       ||    22
         Ring mail         |       |    19 |   162 |       ||   181
         Crystal plate arm |       |       |    30 |   848 ||   878
  Dodge: Dodged            |    28 |     5 |   180 |   311 ||   524
  Block: Buckler           |       |    13 |   142 |   669 ||   824

Table legend: (Time is in decaauts)
 A = Elapsed time spent in this place.
 B = Non-inter-level travel time spent in this place.
 C = Inter-level travel time spent in this place.
 D = Time resting spent in this place.
 E = Time spent auto-exploring this place.
 F = Levels seen in this place.
 G = Mean time per level.
                   A        B        C        D        E       F      G
               +--------+--------+--------+--------+--------+-----+--------+
         Total |  13115 |  12723 |    392 |   3379 |   5926 |  17 |  771.5 |
       Dungeon |  11903 |  11511 |    392 |   3149 |   5547 |  12 |  991.9 |
        Temple |    108 |    108 |      0 |      0 |      0 |   1 |  108.0 |
         Sewer |    394 |    394 |      0 |     79 |    173 |   1 |  394.0 |
       Ossuary |    382 |    382 |      0 |     38 |    173 |   1 |  382.0 |
        Bailey |    174 |    174 |      0 |     20 |     32 |   1 |  174.0 |
      Ice Cave |    153 |    153 |      0 |     93 |      0 |   1 |  153.0 |
               +--------+--------+--------+--------+--------+-----+--------+

Top non-repeatable levels by time:
     D:3: 1465 daAuts
    D:10: 1441 daAuts
     D:4: 1332 daAuts
     D:7: 1296 daAuts
    D:11: 1256 daAuts
     D:6: 1019 daAuts
     D:9: 896 daAuts
     D:2: 860 daAuts
     D:5: 802 daAuts
     D:1: 797 daAuts
     D:8: 604 daAuts
   Sewer: 394 daAuts
 Ossuary: 382 daAuts
  Bailey: 174 daAuts
   IceCv: 153 daAuts
